 Dungeon Crawl Stone Soup version 0.26-b1-32-g5d43845318 (webtiles) character file.

Game seed: 9638645460834893986

4 Mrkan the Cudgeller (level 1, 0/13 HPs)
             Began as a Gnoll Wanderer on Jan 5, 2021.
             Slain by a kobold (1 damage)
             ... on level 1 of the Dungeon.
             The game lasted 00:00:50 (502 turns).

Mrkan the Cudgeller (Gnoll Wanderer)                 Turns: 502, Time: 00:00:51

Health: 0/13       AC:  2    Str: 14    XL:     1   Next: 60%
Magic:  6/6        EV: 11    Int: 14    God:
Gold:   24         SH:  0    Dex: 14    Spells: 9/9 levels left

rFire    . . .     SeeInvis .   a - +0 club
rCold    . . .     Faith    .   (no shield)
rNeg     . . .     Spirit   .   e - +0 robe
rPois    .         Reflect  .   (no helmet)
rElec    .         Harm     .   (no cloak)
rCorr    .         Rampage  .   (no gloves)
Will     .....                  (no boots)
Stlth    +.........             (no amulet)
HPRegen  0.04/turn              (no ring)
MPRegen  0.10/turn              (no ring)

@: no status effects
A: distributed training, fangs 1, strong nose
a: no special abilities


You were on level 1 of the Dungeon.
You visited 1 branch of the dungeon, and saw 1 of its levels.

You collected 24 gold pieces.

Inventory:

Hand Weapons
 a - a +0 club (weapon)
Missiles
 c - 21 bolts
Armour
 e - a +0 robe (worn)
Scrolls
 b - a scroll of identify {unknown}


   Skills:
 + Level 0.1 Fighting
 + Level 0.1 Short Blades
 + Level 0.1 Long Blades
 + Level 0.1 Axes
 + Level 6.4 Maces & Flails
 + Level 0.1 Polearms
 + Level 0.1 Staves
 + Level 0.1 Slings
 + Level 0.1 Bows
 + Level 0.1 Crossbows
 + Level 0.1 Throwing
 + Level 0.1 Armour
 + Level 0.1 Dodging
 + Level 0.1 Stealth
 + Level 2.4 Shields
 + Level 0.1 Unarmed Combat
 + Level 4.9 Spellcasting
 + Level 0.1 Conjurations
 + Level 0.1 Hexes
 + Level 0.1 Summonings
 + Level 0.1 Necromancy
 + Level 0.1 Translocations
 + Level 0.1 Transmutations
 + Level 0.1 Fire Magic
 + Level 5.3 Ice Magic
 + Level 0.1 Air Magic
 + Level 0.1 Earth Magic
 + Level 0.1 Poison Magic
 + Level 0.2 Invocations
 + Level 2.4 Evocations


You had 9 spell levels left.
You didn't know any spells.
Your spell library contained the following spells:

 Spells                   Type           Power        Failure   Level
 Freeze                   Ice            72%          1%          1
 Frozen Ramparts          Ice            36%          6%          3
 Ozocubu's Armour         Ice            18%          6%          3
 Summon Small Mammal      Summ           12%          17%         1
 Summon Guardian Golem    Hex/Summ       3%           45%         3
 Hailstorm                Conj/Ice       11%          50%         4
 Summon Ice Beast         Ice/Summ       11%          50%         4


Dungeon Overview and Level Annotations

Branches:
Dungeon (1/15)

Altars:


Innate Abilities, Weirdness & Mutations

Your experience applies equally to all skills.
You have very sharp teeth.
Your uncanny sense of smell can sniff out nearby items.


Message History

You kill the kobold!
Found a short sword.
You see here a +0 club.
The kobold hits you but does no damage.
A kobold is nearby!
You closely miss the kobold. The kobold hits you.
* * * LOW HITPOINT WARNING * * *
You barely miss the kobold. You bite the kobold, but do no damage.
The kobold closely misses you.
You completely miss the kobold. Your bite misses the kobold.
The kobold closely misses you.
You closely miss the kobold. The kobold hits you.
* * * LOW HITPOINT WARNING * * *
You hit the kobold. Your bite misses the kobold.
The kobold is severely wounded.
The kobold barely misses you.
You closely miss the kobold.
The kobold is severely wounded.
The kobold hits you.
You die...

# .. ##. ###..
...#######.....
.......@.......#
.......K...#.#..#
.........=.......
)................
...###.).......# #.
##.......# #.
#.......# #.##
##.......##
#..###.........###..


You could see a kobold.

Vanquished Creatures
  A giant cockroach (D:1)
  A hobgoblin (D:1)
  A kobold (D:1)
3 creatures vanquished.

Notes
Turn   | Place    | Note
-------+----------+-------------------------------------------
     0 | D:1      | Mrkan the Gnoll Wanderer began the quest for the Orb.
     0 | D:1      | Mrkan set off with the following items: a +0 hand crossbow,
                  | 21 bolts, a +0 robe; and the following spells available to
                  | memorise: Freeze, Frozen Ramparts, Ozocubu's Armour, Summon
                  | Small Mammal, Summon Guardian Golem, Hailstorm, Summon Ice
                  | Beast
     0 | D:1      | Reached XP level 1. HP: 13/13 MP: 6/6
   502 | D:1      | Slain by a kobold

Illustrated notes

Levels and vault maps discovered:
D:1:      minmay_arrival_four_circles, layout_rooms, nrook_loot_triangle

Action                   || total
-------------------------++-------
Melee: Unarmed           ||    27
       Club              ||    11
       Bite              ||     3
Armor: Robe              ||    12
Dodge: Dodged            ||    17
